 Dungeon Crawl Stone Soup version 0.23.0 (webtiles) character file.

Game seed: 11853834601487706355

28 Think the Skirmisher (level 3, 0/24 HPs)
             Began as a Gargoyle Berserker on Feb 22, 2019.
             Was a Follower of Trog.
             Slain by Terence
             ... wielding a +0 flail
              (1 damage)
             ... on level 2 of the Dungeon.
             The game lasted 00:02:04 (906 turns).

Think the Skirmisher (Gargoyle Berserker)            Turns: 906, Time: 00:02:05

Health: 0/24       AC:  5    Str: 19 (20) XL:     3   Next: 14%
Magic:  3/3        EV: 12    Int:  4 (7)  God:    Trog [*.....]
Gold:   90         SH:  0    Dex:  9 (10) Spells: 2/2 levels left

rFire    . . .     SeeInvis .   a - +0 mace
rCold    . . .     Gourm    .   (no shield)
rNeg     + . .     Faith    .   b - +0 animal skin
rPois    ∞         Spirit   .   (no helmet)
rElec    +         Reflect  .   (no cloak)
rCorr    .         Harm     .   (no gloves)
MR       .....                  (no boots)
Stlth    +.........             (no amulet)
HPRegen  0.08/turn              (no ring)
MPRegen  0.08/turn              (no ring)

@: berserk cooldown, starving, slowed, very slow
A: negative energy resistance 1, electricity resistance, unbreathing,
petrification resistance, rot immunity, AC +3
a: Berserk, Renounce Religion


You were on level 2 of the Dungeon.
You worshipped Trog.
Trog was aware of your devotion.
You were starving.

You visited 1 branch of the dungeon, and saw 2 of its levels.

You collected 90 gold pieces.

Inventory:

Hand Weapons
 a - a +0 mace (weapon)
Armour
 b - a +0 animal skin (worn)
Jewellery
 e - an uncursed amulet of harm
Scrolls
 d - a scroll of immolation {unknown}
 f - a scroll of enchant weapon {unknown}
 h - a scroll of fog {unknown}
 i - a scroll of identify
Comestibles
 c - 3 rations


   Skills:
 * Level 3.7 Fighting
 * Level 3.4 Maces & Flails
 + Level 2.5 Armour
 + Level 1.9 Dodging


You had 2 spell levels left.
You didn't know any spells.
Your spell library was empty.

Dungeon Overview and Level Annotations

Branches:
Dungeon (2/15)

Altars:
Nemelex Xobeh

Annotations:
D:2 Terence


Innate Abilities, Weirdness & Mutations

You are resistant to torment.
Your stone body is resilient. (AC +3)
You are immune to poison.
You resist negative energy. (rN+)
You are resistant to electric shocks. (rElec)
You can survive without breathing.
You are immune to petrification.
You are immune to rotting.


Message History

The bat hits you but does no damage. Terence closely misses you.
The frilled lizard bites you. Terence misses you.
You barely miss Terence.
Terence is severely wounded.
The bat closely misses you.
The frilled lizard bites you but does no damage.
Terence hits you with a +0 flail.
* * * LOW HITPOINT WARNING * * *
The frilled lizard barely misses you. Terence misses you.
You hit Terence but do no damage.
Terence is severely wounded.
The bat barely misses you. The frilled lizard closely misses you.
The frilled lizard barely misses you. Terence hits you but does no damage.
You barely miss Terence.
Terence is severely wounded.
The bat barely misses you. The frilled lizard barely misses you.
Terence hits you with a +0 flail.
* * * LOW HITPOINT WARNING * * *
The frilled lizard closely misses you. Terence hits you with a +0 flail.
You die...

..!.## .# ......
#. .l..# .. ...#
#. ...###.
###.#.#..
..#.####b.)..#.#
#...gS@@l.(# #.#
..#.####.### #.#
#.#####.# .
#.......# .##
######..# ...
#..# #.# #.)#
#.. #..##.#
#..#.#


You could see Terence, an adder, a hobgoblin, a bat and a frilled lizard.

Vanquished Creatures
  A worm (D:2)
  A dart slug (D:1)
  A bat (D:1)
  A giant cockroach (D:2)
  3 goblins (D:1)
  3 hobgoblins (D:1)
  4 jackals (D:1)
  A kobold (D:2)
  A ball python (D:2)
  A frilled lizard (D:1)
  4 rats (D:1)
21 creatures vanquished.

Notes
Turn   | Place    | Note
-------+----------+-------------------------------------------
     0 | D:1      | Think the Gargoyle Berserker began the quest for the Orb.
     0 | D:1      | Reached XP level 1. HP: 14/14 MP: 1/1
    46 | D:1      | Reached XP level 2. HP: 19/19 MP: 2/2
   435 | D:1      | Found a sparkling altar of Nemelex Xobeh.
   645 | D:2      | Reached XP level 3. HP: 7/24 MP: 3/3
   884 | D:2      | Noticed Terence
   906 | D:2      | HP: 1/24 [Terence/+0 flail (3)]
   906 | D:2      | Slain by Terence

Action                   || total
-------------------------++-------
Melee: Mace              ||    88
Invok: Berserk           ||     2
  Use: Scroll            ||     1
       Potion            ||     1
Armor: Animal skin       ||    45
Dodge: Dodged            ||    78
